[Event "11th LCC FIDE Open 2019"]
[Site "London"]
[Date "2019.12.05"]
[Round "9.44"]
[White "Cordes, Hans-Joerg"]
[Black "Finn, Peter"]
[Result "1-0"]
[ECO "E33"]
[WhiteElo "2188"]
[BlackElo "1895"]
[Annotator "NA"]
[PlyCount "55"]
[EventDate "2019.11.29"]
[EventType "swiss"]
[EventCountry "ENG"]
[SourceTitle "playchess.com"]
[Source "ChessBase"]
[SourceQuality "1"]
[TimeControl "40/5400+30:1800+30"]

1. d4 Nf6 2. c4 e6 3. Nc3 Bb4 4. Qc2 Nc6 5. Nf3 d6 6. Bd2 O-O 7. a3 Bxc3 8. Bxc3 Qe7 9. e3 e5 10. dxe5 Nxe5 11. Nxe5 dxe5 12. Be2 Re8 13. O-O e4 14. Rfd1 Bf5 15. b4 Ng4 16. h3 Ne5 17. Rd5 f6 18. Bxe5 fxe5 19. Bg4 c6 20. Rd2 Bxg4 21. hxg4 Qh4 22. Qxe4 Re6 23. g3 Qh3 24. Rad1 h5 25. Rd8+ Re8 26. Rxe8+ Rxe8 27. Qg6 Rf8 28. Rd7 1-0

[Event "11th LCC FIDE Open 2019"]
[Site "London"]
[Date "2019.12.05"]
[Round "9.45"]
[White "Osborne, Marcus E"]
[Black "Patel, Rishi"]
[Result "1-0"]
[ECO "A27"]
[WhiteElo "2166"]
[BlackElo "1891"]
[Annotator "NA"]
[PlyCount "57"]
[EventDate "2019.11.29"]
[EventType "swiss"]
[EventCountry "ENG"]
[SourceTitle "playchess.com"]
[Source "ChessBase"]
[SourceQuality "1"]
[TimeControl "40/5400+30:1800+30"]

1. c4 e5 2. Nc3 Nc6 3. Nf3 Bc5 4. e3 d6 5. d4 Bb4 6. dxe5 Bxc3+ 7. bxc3 Nxe5 8. Nxe5 dxe5 9. Qxd8+ Kxd8 10. Ba3 Be6 11. Bf8 Ne7 12. Bxg7 Re8 13. Bxe5 Nc6 14. Bf6+ Kc8 15. Bd3 h6 16. Ke2 Nb8 17. c5 Bd5 18. c4 Nd7 19. cxd5 Nxf6 20. d6 cxd6 21. cxd6 Re5 22. Rac1+ Kd7 23. Rc7+ Kxd6 24. Rxf7 Nd7 25. Rd1 Kc6 26. f4 Ree8 27. Bg6 Red8 28. Be4+ Kc7 29. Bf5 1-0

[Event "11th LCC FIDE Open 2019"]
[Site "London"]
[Date "2019.12.05"]
[Round "9.46"]
[White "Nelson, Omowale"]
[Black "Coote, Trevor D"]
[Result "0-1"]
[ECO "A40"]
[WhiteElo "1924"]
[BlackElo "2075"]
[Annotator "NA RC"]
[PlyCount "94"]
[EventDate "2019.11.29"]
[EventType "swiss"]
[EventCountry "ENG"]
[SourceTitle "playchess.com"]
[Source "ChessBase"]
[SourceQuality "1"]
[TimeControl "40/5400+30:1800+30"]

1. d4 e6 2. c4 b6 3. Nc3 Bb7 4. Nf3 f5 5. Bf4 Nf6 6. e3 Bb4 7. Qb3 Bxc3+ 8. Qxc3 Ne4 9. Qc2 O-O 10. h3 d6 11. Bd3 Nd7 12. O-O-O Qe7 13. Ne1 e5 14. Bh2 exd4 15. exd4 d5 16. f3 Nd6 17. Kb1 dxc4 18. Bxc4+ Kh8 19. Nd3 Nxc4 20. Qxc4 Rac8 21. Rhe1 Qf7 22. Qa4 Bd5 23. Nb4 f4 24. Nxd5 Qxd5 25. Re4 b5 26. Qa3 c5 27. Bxf4 a5 28. Qd3 c4 29. Qc2 b4 30. Be5 h6 31. Rde1 a4 32. Bxg7+ Kxg7 33. Rg4+ Kh8 34. Re7 Rf7 35. Rge4 b3 36. axb3 axb3 37. Qd2 Rxe7 38. Rxe7 Qf5+ 39. Re4 Qg6 40. Kc1 Ra8 41. Qc3 Ra1+ 42. Kd2 Qxg2+ 43. Re2 Qg5+ 44. Re3 Ra8 45. d5+ Nf6 46. d6 Re8 47. d7 Rxe3 0-1

[Event "11th LCC FIDE Open 2019"]
[Site "London"]
[Date "2019.12.05"]
[Round "9.47"]
[White "Grigoryan, Meri"]
[Black "Davis, Holden"]
[Result "1-0"]
[ECO "A96"]
[WhiteElo "2050"]
[BlackElo "1840"]
[Annotator "NA"]
[PlyCount "61"]
[EventDate "2019.11.29"]
[EventType "swiss"]
[EventCountry "ENG"]
[SourceTitle "playchess.com"]
[Source "ChessBase"]
[SourceQuality "1"]
[TimeControl "40/5400+30:1800+30"]

1. d4 e6 2. c4 f5 3. g3 Nf6 4. Bg2 Be7 5. Nf3 O-O 6. O-O d6 7. Nc3 a5 8. Qc2 Nc6 9. Rd1 Qe8 10. a3 Qh5 11. Bg5 e5 12. Bxf6 Bxf6 13. dxe5 dxe5 14. Nd5 e4 15. Nxf6+ Rxf6 16. Nd4 Ne5 17. Nb5 Bd7 18. Nxc7 Raf8 19. Nd5 Rh6 20. h4 e3 21. Nxe3 f4 22. Nf1 f3 23. exf3 Bc6 24. Nh2 g5 25. Rd4 Nxf3+ 26. Nxf3 Bxf3 27. Qd3 Bxg2 28. Kxg2 Rhf6 29. Rf1 Rf3 30. Qd2 R3f5 31. g4 1-0

[Event "11th LCC FIDE Open 2019"]
[Site "London"]
[Date "2019.12.05"]
[Round "9.48"]
[White "Vaddadi, Seshagiri"]
[Black "Zhao, Haolin"]
[Result "1-0"]
[ECO "B35"]
[WhiteElo "2042"]
[BlackElo "1842"]
[Annotator "NA"]
[PlyCount "55"]
[EventDate "2019.11.29"]
[EventType "swiss"]
[EventCountry "ENG"]
[SourceTitle "playchess.com"]
[Source "ChessBase"]
[SourceQuality "1"]
[TimeControl "40/5400+30:1800+30"]

1. e4 c5 2. Nf3 g6 3. d4 cxd4 4. Nxd4 Nc6 5. Bc4 Bg7 6. Be3 Nf6 7. Nc3 O-O 8. Nxc6 bxc6 9. e5 Ne8 10. f4 d6 11. O-O Qc7 12. exd6 Nxd6 13. Bb3 Rd8 14. Qf3 Nf5 15. Rad1 Nxe3 16. Qxe3 Ba6 17. Rfe1 e6 18. Ne4 Rxd1 19. Rxd1 Rd8 20. Rxd8+ Qxd8 21. c3 Qb6 22. Kf2 Bf8 23. Qd4 Be7 24. Kf3 Bb7 25. Qd7 Bf8 26. Bxe6 fxe6 27. Nf6+ Kh8 28. Qxh7# 1-0

[Event "11th LCC FIDE Open 2019"]
[Site "London"]
[Date "2019.12.05"]
[Round "9.49"]
[White "Jukes, Sam"]
[Black "Chakanyuka, Charles"]
[Result "1-0"]
[ECO "B06"]
[WhiteElo "1899"]
[BlackElo "1995"]
[Annotator "NA RC"]
[PlyCount "139"]
[EventDate "2019.11.29"]
[EventType "swiss"]
[EventCountry "ENG"]
[SourceTitle "playchess.com"]
[Source "ChessBase"]
[SourceQuality "1"]
[TimeControl "40/5400+30:1800+30"]

1. e4 g6 2. d4 d6 3. Nc3 Bg7 4. f4 e6 5. Nf3 Ne7 6. Be2 c6 7. O-O O-O 8. h4 d5 9. e5 Nf5 10. Bd3 Nxh4 11. Nxh4 Qxh4 12. Rf3 f5 13. Rh3 Qe7 14. Be3 Nd7 15. Qf3 Rf7 16. Ne2 c5 17. c3 b6 18. a3 Bb7 19. Bf2 Rc8 20. Bh4 Qe8 21. Kf2 Nf8 22. Qe3 Qa4 23. Rah1 Ba6 24. Kf3 Bxd3 25. Qxd3 Qb3 26. Qd2 Nd7 27. Bf2 Nf8 28. Ng1 Bh8 29. Ke2 Qc4+ 30. Ke1 Qa2 31. Nf3 Rcc7 32. Rh4 Rfe7 33. R1h3 a6 34. Be3 Qb1+ 35. Kf2 Qa2 36. Ng5 Qb3 37. Kg1 Qb5 38. Qf2 h5 39. Kh2 Bg7 40. a4 Qc6 41. Rg3 c4 42. Qc2 b5 43. axb5 Qxb5 44. Rhh3 Rb7 45. Bc1 Qe8 46. Nf3 Rec7 47. Qd1 a5 48. Nh4 Qf7 49. Nxg6 Nxg6 50. Qxh5 Kf8 51. Rxg6 Ke8 52. Rxe6+ Re7 53. Rg6 Kd8 54. Qg5 Qf8 55. Rh7 Kc8 56. Qh5 Kb8 57. Kg1 Rf7 58. Qg5 a4 59. Rd6 Rfd7 60. Rxd7 Rxd7 61. Rh5 Rf7 62. Qg6 Qe7 63. Qb6+ Qb7 64. Qd8+ Ka7 65. Qa5+ Kb8 66. Qxa4 Rf8 67. Rg5 Rf7 68. Rg6 Rd7 69. Qa5 Kc8 70. Rb6 1-0

[Event "11th LCC FIDE Open 2019"]
[Site "London"]
[Date "2019.12.05"]
[Round "9.50"]
[White "Penna, Tommaso"]
[Black "Kuzhelev, Timur"]
[Result "1/2-1/2"]
[ECO "C40"]
[WhiteElo "2007"]
[BlackElo "1745"]
[Annotator "NA"]
[PlyCount "75"]
[EventDate "2019.11.29"]
[EventType "swiss"]
[EventCountry "ENG"]
[SourceTitle "playchess.com"]
[Source "ChessBase"]
[SourceQuality "1"]
[TimeControl "40/5400+30:1800+30"]

1. e4 e5 2. Nf3 d5 3. exd5 e4 4. Qe2 Nf6 5. d3 Qxd5 6. Nc3 Bb4 7. Bd2 Bxc3 8. Bxc3 O-O 9. dxe4 Nxe4 10. Rd1 Nxc3 11. Rxd5 Nxe2 12. Bxe2 Be6 13. Rb5 b6 14. Nd4 Bd7 15. Bf3 Re8+ 16. Kd2 Bxb5 17. Nxb5 Na6 18. Bxa8 Rxa8 19. Re1 Kf8 20. Re3 c6 21. Ra3 cxb5 22. Rxa6 b4 23. a3 Rd8+ 24. Ke2 bxa3 25. Rxa3 a5 26. Rc3 Rd6 27. Rc7 g5 28. c4 h6 29. b3 Kg7 30. Rb7 Kg6 31. Ke3 f6 32. Ke4 h5 33. f4 gxf4 34. Kxf4 a4 35. bxa4 Rd4+ 36. Ke3 Rxc4 37. Rxb6 Rxa4 {[%emt 0:00:56] Kd4} 38. Kf3 1/2-1/2

[Event "11th LCC FIDE Open 2019"]
[Site "London"]
[Date "2019.12.05"]
[Round "9.51"]
[White "De Coverly, Roger D"]
[Black "Thatte, Nishchal"]
[Result "0-1"]
[ECO "C01"]
[WhiteElo "1986"]
[BlackElo "1723"]
[Annotator "NA"]
[PlyCount "44"]
[EventDate "2019.11.29"]
[EventType "swiss"]
[EventCountry "ENG"]
[SourceTitle "playchess.com"]
[Source "ChessBase"]
[SourceQuality "1"]
[TimeControl "40/5400+30:1800+30"]

1. e4 e6 2. d4 d5 3. exd5 exd5 4. c4 Bb4+ 5. Nc3 Nf6 6. Nf3 O-O 7. Be2 dxc4 8. Bxc4 Re8+ 9. Be3 Bg4 10. O-O Nc6 11. Qb3 Bxf3 12. Bxf7+ Kh8 13. Bxe8 Qxe8 14. gxf3 Qg6+ 15. Kh1 Qh5 16. Rg1 Bd6 17. Rg2 Qxf3 18. Qf7 Rg8 19. Re1 Bxh2 20. Nd5 Nd8 21. Qe7 Bd6 22. Nxf6 gxf6 0-1

[Event "11th LCC FIDE Open 2019"]
[Site "London"]
[Date "2019.12.05"]
[Round "9.52"]
[White "Siddharth, Gopakumar"]
[Black "Karumazondo, Ragarirai Ernest"]
[Result "0-1"]
[ECO "B33"]
[WhiteElo "1848"]
[BlackElo "1972"]
[Annotator "NA"]
[PlyCount "76"]
[EventDate "2019.11.29"]
[EventType "swiss"]
[EventCountry "ENG"]
[SourceTitle "playchess.com"]
[Source "ChessBase"]
[SourceQuality "1"]
[TimeControl "40/5400+30:1800+30"]

1. e4 c5 2. Nf3 Nc6 3. d4 cxd4 4. Nxd4 Nf6 5. Nc3 e5 6. Ndb5 d6 7. Na3 a6 8. Bg5 b5 9. Bxf6 gxf6 10. Nd5 f5 11. Bd3 Be6 12. c3 Bxd5 13. exd5 Ne7 14. O-O Bg7 15. c4 e4 16. Be2 Bxb2 17. Rb1 Bxa3 18. Qd4 O-O 19. Rb3 Bc5 20. Qf6 Ng6 21. Qxf5 bxc4 22. Rh3 Qe7 23. Bxc4 Qe5 24. Qg4 f5 25. Qh5 Rf7 26. Rb1 Rg7 27. Rg3 Bxf2+ 28. Kxf2 Qd4+ 29. Ke1 f4 30. Rgb3 Qxc4 31. Rb8+ Rxb8 32. Rxb8+ Nf8 33. Qh3 Qc1+ 34. Ke2 Qc2+ 35. Ke1 f3 36. Qe6+ Rf7 37. Rxf8+ Kxf8 38. Qh6+ Ke8 0-1

[Event "11th LCC FIDE Open 2019"]
[Site "London"]
[Date "2019.12.05"]
[Round "9.53"]
[White "Ahn, Sungmin"]
[Black "Ditmas, Hugh"]
[Result "1-0"]
[ECO "B30"]
[WhiteElo "1780"]
[BlackElo "1961"]
[Annotator "NA RC"]
[PlyCount "99"]
[EventDate "2019.11.29"]
[EventType "swiss"]
[EventCountry "ENG"]
[SourceTitle "playchess.com"]
[Source "ChessBase"]
[SourceQuality "1"]
[TimeControl "40/5400+30:1800+30"]

1. e4 c5 2. Nf3 Nc6 3. Bb5 e6 4. Bxc6 bxc6 5. d3 Ne7 6. Qe2 Ng6 7. h4 h5 8. e5 Be7 9. Qe4 Rb8 10. a3 Qa5+ 11. Bd2 Qb5 12. Bc3 Ba6 13. Nbd2 Qb6 14. b3 Bf8 15. Ng5 Ne7 16. Qf4 Nf5 17. f3 d5 18. Nxf7 Kxf7 19. g4 g6 20. gxf5 gxf5 21. Rg1 Bh6 22. Qh2 Rhg8 23. O-O-O Be3 24. Rxg8 Rxg8 25. Re1 f4 26. Kd1 Qd8 27. Nf1 d4 28. Nxe3 fxe3 29. Bb2 Qa5 30. Re2 Qd8 31. b4 c4 32. Qf4+ Ke8 33. Bxd4 cxd3 34. cxd3 Qd5 35. Qxe3 Qb3+ 36. Kd2 Qxa3 37. Bc5 Qb2+ 38. Kd1 Qb1+ 39. Kd2 Rg1 40. Qxg1 Qxd3+ 41. Kc1 Qa3+ 42. Rb2 Qc3+ 43. Rc2 Qa3+ 44. Kd2 Qd3+ 45. Ke1 Kf7 46. Rd2 Qc3 47. Qe3 Qc4 48. Rd7+ Ke8 49. Re7+ Kd8 50. Qd2+ {[%emt 0:00:00] Ke8} 1-0

[Event "11th LCC FIDE Open 2019"]
[Site "London"]
[Date "2019.12.05"]
[Round "9.54"]
[White "AuYeung, Chi Hung Jonathan"]
[Black "Korning, Peter"]
[Result "0-1"]
[ECO "D30"]
[WhiteElo "1770"]
[BlackElo "1957"]
[Annotator "NA RC"]
[PlyCount "124"]
[EventDate "2019.11.29"]
[EventType "swiss"]
[EventCountry "ENG"]
[SourceTitle "playchess.com"]
[Source "ChessBase"]
[SourceQuality "1"]
[TimeControl "40/5400+30:1800+30"]

1. c4 e6 2. Nf3 d5 3. g3 c5 4. Bg2 Nc6 5. O-O Nf6 6. cxd5 exd5 7. d4 Be7 8. dxc5 Bxc5 9. a3 Ne4 10. Nfd2 f5 11. Nc3 Be6 12. Qb3 Nd4 13. Qxb7 O-O 14. Ndxe4 fxe4 15. Be3 Rb8 16. Qa6 Bg4 17. b4 Rf6 18. Qa4 Nxe2+ 19. Nxe2 Bxe3 20. fxe3 Bxe2 21. Rfe1 Bb5 22. Qxa7 Rfb6 23. Rec1 R8b7 24. Qa5 Qb8 25. Bh3 Ra7 26. Rc8+ Qxc8 27. Qxb6 Rb7 28. Qe6+ Qxe6 29. Bxe6+ Kf8 30. Bxd5 Re7 31. a4 Bd3 32. b5 Re5 33. b6 Rxd5 34. b7 Rd8 35. Rc1 Ba6 36. Rc8 Rxc8 37. bxc8=Q+ Bxc8 38. Kf2 Ke7 39. Ke2 Kd6 40. Kd2 Kc5 41. Kc3 Ba6 42. h3 Bf1 43. h4 h5 44. Kb3 Bc4+ 45. Kc3 Be2 46. a5 Bd3 47. Kb3 Kb5 48. Kc3 Kxa5 49. Kd4 Kb4 50. Ke5 Kc3 51. Kf5 Kd2 52. Kg6 Kxe3 53. Kxh5 Kf2 54. g4 Kg3 55. Kg5 e3 56. h5 e2 57. h6 gxh6+ 58. Kh5 e1=Q 59. Kxh6 Qe6+ 60. Kg7 Qe7+ 61. Kh6 Qf6+ 62. Kh5 Qg6# 0-1

[Event "11th LCC FIDE Open 2019"]
[Site "London"]
[Date "2019.12.05"]
[Round "9.55"]
[White "Gaier, Walter"]
[Black "Chapman, Matt"]
[Result "1/2-1/2"]
[ECO "C44"]
[WhiteElo "1750"]
[BlackElo "1937"]
[Annotator "NA"]
[PlyCount "71"]
[EventDate "2019.11.29"]
[EventType "swiss"]
[EventCountry "ENG"]
[SourceTitle "playchess.com"]
[Source "ChessBase"]
[SourceQuality "1"]
[TimeControl "40/5400+30:1800+30"]

1. e4 e5 2. Nf3 Nc6 3. c3 d5 4. Qa4 Bd7 5. exd5 Nd4 6. Qd1 Nxf3+ 7. Qxf3 Nf6 8. Bc4 b5 9. Bb3 e4 10. Qe2 Bd6 11. d4 h6 12. h3 O-O 13. Be3 Qc8 14. Nd2 Qb7 15. O-O-O a5 16. g4 a4 17. Bc2 Qxd5 18. Bb1 Rfe8 19. Rdg1 a3 20. b3 Qc6 21. g5 Qxc3+ 22. Kd1 hxg5 23. Rxg5 Bb4 24. Rhg1 g6 25. h4 Qb2 26. Rxg6+ fxg6 27. Rxg6+ Kf7 28. Rxf6+ Kxf6 29. Qh5 Bg4+ 30. Qxg4 Bxd2 31. Qg5+ Ke6 32. Qe5+ Kd7 33. Qd5+ Ke7 34. Qe5+ Kd7 35. Qd5+ Ke7 36. Qe5+ 1/2-1/2